 Dungeon Crawl Stone Soup version 0.20-a0-903-g7e3609c (console) character file.

61 nht the Bolt Thrower (level 4, -1/25 HPs)
             Began as a Kobold Arcane Marksman on Mar 21, 2017.
             Slain by a worm (10 damage)
             ... on level 2 of the Dungeon.
             The game lasted 00:01:30 (940 turns).

nht the Bolt Thrower (Kobold Arcane Marksman)        Turns: 940, Time: 00:01:30

Health: -1/25      AC:  3    Str:  7    XL:     4   Next: 27%
Magic:  5/5        EV: 20    Int: 20    God:
Gold:   75         SH:  0    Dex: 20    Spells: 4/5 levels left

rFire    . . .     SeeInvis .   o - +4 short sword
rCold    . . .     Gourm    .   e - +0 robe
rNeg     . . .     Faith    .   (shield restricted)
rPois    .         Spirit   .   (no helmet)
rElec    +         Reflect  .   (no cloak)
rCorr    .         Harm     .   (no gloves)
MR       .....                  q - +0 pair of boots
Stlth    +++.......             (no amulet)
Regen    0.1/turn               (no ring)
MPRegen  0.1/turn               (no ring)

@: brilliant, agile, flying
A: carnivore 3, sense surroundings 1, electricity resistance, wild magic 1
a: no special abilities


You were on level 2 of the Dungeon.
You were completely stuffed.

You visited 1 branch of the dungeon, and saw 2 of its levels.

You collected 75 gold pieces.

Inventory:

Hand Weapons
 a - a +0 hand crossbow
 o - a +4 short sword (weapon)
Missiles
 d - 17 bolts
Armour
 e - a +0 robe (worn)
 q - a +0 pair of boots (worn)
Jewellery
 i - an uncursed ring of protection from cold {unknown}
 s - a +2 ring of protection {unknown}
 u - an uncursed amulet of guardian spirit {unknown}
Scrolls
 g - a scroll of identify {unknown}
 h - 2 scrolls of remove curse {unknown}
 j - a scroll of magic mapping {unknown}
 p - a scroll of teleportation {unknown}
Potions
 l - 2 potions of curing
 m - 3 potions of mutation
Books
 c - a book of Debilitation

   Spells                             Type                      Level
   a - Corona                         Hexes                        1
   b - Slow                           Hexes                        2
   c - Inner Flame                    Hexes/Fire                   3
   d - Portal Projectile              Hexes/Translocation          3
   e - Cause Fear                     Hexes                        4
   f - Leda's Liquefaction            Hexes/Earth                  4
Comestibles
 f - 2 meat rations
 r - 16 chunks of flesh
 t - a royal jelly


   Skills:
 - Level 1.1 Fighting
 + Level 2.2 Short Blades
 - Level 4.5 Crossbows
 - Level 2.4 Dodging
 - Level 1.1 Spellcasting
 - Level 3.0 Hexes


You had 4 spell levels left.
You knew the following spells:

 Your Spells              Type           Power        Failure   Level  Hunger
a - Corona                Hex            ####...      1%          1    ##.....


Dungeon Overview and Level Annotations

Branches:
Dungeon (2/15)

Altars:
Fedhas


Innate Abilities, Weirdness & Mutations

You are small and have problems with some larger weapons.
You are carnivorous and can eat meat at any time.
You passively map a small area around you.
You are resistant to electric shocks. (rElec)
Your spells are a little harder to cast, but a little more powerful.


Message History

It was a potion of flight.
You feel very buoyant.
You fly up into the air.
It was a potion of curing.
You feel better.
Some of the chunks of flesh in your inventory have rotted away.
It was a potion of mutation.
You feel extremely strange.
You feel less in control of your magic.
You feel insulated.
You feel a strange attunement to the structure of the dungeons.
It was a potion of agility.
You feel agile all of a sudden.
It was a potion of brilliance.
You feel clever all of a sudden.
You barely miss the worm. You hit the worm.
The worm is moderately wounded.
The worm misses you.
You hit the worm.
The worm is heavily wounded.
The worm bites you!
You die...

*█.........██...█+██....█........
+.............> , █....█........
█.............. *██████........
.█........███████+███████........
......██...............████......
.......................).........
.................................
.................................
........$......w@................
.████+██.......█████.......██████
.


█████████ █.......█ █.......█ * █.......█ █████████ * You could see a worm.

Vanquished Creatures
  A gnoll (D:1)
  An adder (D:2)
  An ooze (D:1)
  3 leopard geckos (D:1)
  2 bats (D:1)
  2 giant cockroaches (D:1)
  3 hobgoblins
  2 jackals (D:2)
  5 kobolds
  A ball python (D:2)
  4 frilled lizards
  5 goblins
  5 rats
35 creatures vanquished.

Notes
Turn   | Place    | Note
-------+----------+-------------------------------------------
     0 | D:1      | nht the Kobold Arcane Marksman began the quest for the Orb.
     0 | D:1      | Reached XP level 1. HP: 12/12 MP: 2/2
   180 | D:1      | Reached skill level 3 in Crossbows
   182 | D:1      | Reached XP level 2. HP: 16/16 MP: 3/3
   255 | D:1      | Reached XP level 3. HP: 20/20 MP: 4/4
   328 | D:1      | Reached skill level 4 in Crossbows
   743 | D:2      | Reached skill level 1 in Short Blades
   781 | D:2      | Reached XP level 4. HP: 25/25 MP: 5/5
   811 | D:2      | Found a blossoming altar of Fedhas.
   932 | D:2      | Gained mutation: Your spells are a little harder to cast, but a little more powerful. [potion of mutation]
   932 | D:2      | Gained mutation: You are resistant to electric shocks. (rElec) [potion of mutation]
   932 | D:2      | Gained mutation: You passively map a small area around you. [potion of mutation]
   940 | D:2      | Slain by a worm

Vault maps used:
D:1:      dpeg_arrival_radiant
D:2:      lemuel_round_altar, serial_bayou_ford_a

Skill      XL: |  1  2  3  4 |
---------------+-------------+-----
Crossbows      | 3 4 |  4.5
Short Blades   | 1 2 |  2.2
Fighting       | |  1.1
Dodging        | |  2.4
Spellcasting   | |  1.1
Hexes          | |  3.0

Action                   |  1- 3 |  4- 6 || total
-------------------------+-------+-------++-------
Melee: Short sword       |    19 |    25 ||    44
 Fire: Hand crossbow     |    42 |       ||    42
  Use: Potion            |       |     5 ||     5
  Eat: Chunk             |     8 |       ||     8
Armor: Robe              |     1 |     2 ||     3
Dodge: Dodged            |    18 |    12 ||    30
